 Dungeon Crawl Stone Soup version 0.31-a0-217-g58bb5d79cf (webtiles) character file.

Game seed: 12012816841295420636

294 erloom the Insei (level 6, -1/47 HPs)
             Began as a Draconian Transmuter on July 2, 2023.
             Slain by a steam dragon (5 damage)
             ... on level 4 of the Dungeon.
             The game lasted 00:06:29 (3450 turns).

erloom the Insei (Draconian Transmuter)             Turns: 3450, Time: 00:06:29

Health: -1/47      AC:  2    Str: 12    XL:     6   Next: 11%
Magic:  17/19      EV: 19    Int: 15    God:
Gold:   171        SH:  0    Dex: 17    Spells: 5/11 levels left

rFire   . .          .
                       - Unarmed
rCold   . . .        (shield currently unavailable)
rNeg    . . .        (body armour unavailable)
rPois   x            (helmet currently unavailable)
rElec   .            t - melded scarf {rC+ rF+}
rCorr   .            (gloves currently unavailable)
SInv    .            x - melded +0 pair of boots
Will    .....        (no amulet)
Stlth   ++           o - ring of magical power
HPRegen 0.27/turn    (no ring)
MPRegen 0.16/turn

%: no passive effects
@: spider-form (expiring)
A: venomous fangs, AC +6, tiny, unfitting armour, (cold-blooded)
a: End Transformation


You were on level 4 of the Dungeon.
You were a venomous arachnid creature.
You visited 1 branch of the dungeon, and saw 4 of its levels.

You collected 171 gold pieces.

Inventory:

Missiles
 r - 5 boomerangs
Armour
 t - a scarf of resistance (melded)
 x - a +0 pair of boots (melded)
Jewellery
 o - a ring of magical power (left front pincers)
Wands
 p - a wand of polymorph (6)
 s - a wand of flame (12)
Scrolls
 b - a scroll of enchant weapon {unknown}
 c - a scroll of fear {unknown}
 d - 3 scrolls of revelation
 g - 2 scrolls of enchant armour {unknown}
 h - 2 scrolls of teleportation
 i - a scroll of vulnerability {unknown}
 j - a scroll of torment {unknown}
 l - 2 scrolls of poison {unknown}
 m - 2 scrolls of butterflies
 q - a scroll of silence {unknown}
 v - a scroll of fog {unknown}
Potions
 a - a potion of lignification
 e - 5 potions of curing
 f - a potion of might {unknown}
 k - a potion of attraction {unknown}
 n - a potion of mutation {unknown}
 u - 3 potions of ambrosia {unknown}
 w - a potion of haste {unknown}


   Skills:
 - Level 1.1 Fighting
 - Level 1.7 Dodging
 - Level 5.0 Unarmed Combat
 + Level 3.1 Spellcasting
 + Level 3.3 Transmutations
 + Level 2.4 Poison Magic


You had 5 spell levels left.
You knew the following spells:

 Your Spells              Type           Power      Damage    Failure   Level
a - Beastly Appendage     Tmut           24%        N/A       14%         1
b - Wereblood             Tmut           12%        N/A       21%         2
c - Spider Form           Tmut/Pois      10%        N/A       38%         3

Your spell library contained the following spells:

 Spells                   Type           Power      Damage    Failure   Level
 Ozocubu's Armour         Ice            2%         N/A       73%         3
 Ice Form                 Ice/Tmut       7%         N/A       86%         4
 Metabolic Englaciation   Hex/Ice        1%         N/A       100%        5
 Summon Forest            Summ/Tloc      1%         N/A       100%        5
 Summon Mana Viper        Hex/Summ       2%         N/A       100%        5
 Eringya's Noxious Bog    Tmut/Pois      5%         N/A       100%        6
 Simulacrum               Ice/Necr       1%         N/A       100%        6
 Summon Cactus Giant      Summ           1%         N/A       100%        6
 Summon Hydra             Summ           1%         N/A       100%        7


Dungeon Overview and Level Annotations

Branches:
Dungeon (4/15)
 Temple: D:4-7

Altars:
Nemelex Xobeh

Shops:
D:3 :


Innate Abilities, Weirdness & Mutations

You are a venomous arachnid creature.
You have venomous fangs.
You are tiny and dextrous.
Your spellcasting is less reliable in this form.
Your armour is entirely melded.
You are incapable of wielding weapons or throwing items.
((Your plain brown scales are hard. (AC +6)))
You cannot fit into any form of body armour.
((You are cold-blooded and may be slowed by cold attacks.))


Message History

Your scarf of resistance melds into your body.
Your +0 pair of boots melds into your body.
You feel hot and cold all over.
There is an open door here.
You see here a +1 flail of protection.
The steam dragon bites you! The steam dragon claws you.
You barely miss the steam dragon. The steam dragon breathes steam at you.
The ball of steam hits you!! The steam dragon closely misses you. x2
You hit the steam dragon.
The steam dragon is poisoned.
The steam dragon is lightly wounded.
The steam dragon completely misses you. The steam dragon misses you.
You hit the steam dragon.
The steam dragon looks as sick as possible!
The steam dragon is moderately wounded.
The steam dragon bites you.
* * * LOW HITPOINT WARNING * * *
The steam dragon barely misses you.
You barely miss the steam dragon.
The steam dragon is moderately wounded.
You barely miss the steam dragon.
The steam dragon is moderately wounded.
The steam dragon breathes steam at you. The ball of steam misses you.
The steam dragon bites you.
* * * LOW HITPOINT WARNING * * *
The steam dragon completely misses you.
You hit the steam dragon but do no damage.
The steam dragon looks as sick as possible!
The steam dragon is heavily wounded.
Your transformation is almost over.
The steam dragon bites you.
* * * LOW HITPOINT WARNING * * *
The steam dragon misses you.
You hit the steam dragon.
The steam dragon looks as sick as possible!
The steam dragon is heavily wounded.
The steam dragon misses you. The steam dragon claws you.
You die...

#......###.# ###.##.#
#......##..# #......#
#........>.# #.#....#
#.........)# #.###.##
####..........###)#
#.#
#.[......#....)...#
#..
#........#....#####
####
#........#§§§D#...#
#......<.#...s#...#
#........###'##...###
############.##...'.#
#.....#....†§.#.# ###
###.#.#..#..§...#.....
#.#.#.....§.....# ###
#.#.#..##..D####.....
#.#.........D..'.....
#.###..##.######§)...


You could see a steam dragon (extremely poisoned, catching breath).

Vanquished Creatures
  A kobold brigand (D:4)
  An orc priest (D:3)
  Ijyb (D:3)
  An orc wizard (D:3)
  4 gnolls
  An adder (D:2)
  An ufetubus (D:4)
  3 worms (D:2)
  6 dart slugs
  3 orcs (D:3)
  7 bats
  8 endoplasms
  5 giant cockroaches
  7 goblins
  4 hobgoblins
  3 kobolds
  2 quokkas
  6 ball pythons
  3 frilled lizards
  4 rats
71 creatures vanquished.

Vanquished Creatures (others)
  A ball python (D:4)
  A goblin (D:4)
2 creatures vanquished.

Grand Total: 73 creatures vanquished

Notes
Turn   | Place    | Note
-------+----------+-------------------------------------------
     0 | D:1      | erloom the Draconian Transmuter began the quest for the
                  | Orb.
     0 | D:1      | Reached XP level 1. HP: 16/16 MP: 3/3
   250 | D:1      | Reached XP level 2. HP: 23/23 MP: 5/5
   681 | D:1      | Reached skill level 4 in Unarmed Combat
   998 | D:2      | Reached XP level 3. HP: 28/28 MP: 6/6
  1127 | D:2      | Learned a level 2 spell: Wereblood
  1131 | D:2      | Learned a level 3 spell: Spider Form
  1738 | D:2      | Reached XP level 4. HP: 34/35 MP: 5/7
  1918 | D:2      | Reached skill level 5 in Unarmed Combat
  2382 | D:3      | Noticed Ijyb
  2403 | D:3      | Killed Ijyb
  2404 | D:3      | Reached skill level 1 in Poison Magic
  2782 | D:3      | Found Ycruunk's Book Shop.
  2812 | D:3      | Reached XP level 5. HP: 40/40 MP: 8/8
  2812 | D:3      | Found a sparkling altar of Nemelex Xobeh.
  3280 | D:4      | Reached XP level 6. HP: 43/47 MP: 10/10
  3421 | D:4      | Noticed a steam dragon
  3450 | D:4      | Slain by a steam dragon

Illustrated notes

Levels and vault maps discovered:
D:1:      dpeg_arrival_rhombus, layout_loops_corners
D:2:      layout_basic, serial_rivers, chequers_serial_rivers_large_b,
          chequers_serial_rivers_micro_a, chequers_serial_rivers_small_b,
          chequers_serial_rivers_small_a, chequers_serial_rivers_small_3,
          chequers_serial_rivers_small_b
D:3:      kennysheep_six_static_rooms, layout_rooms, lemuel_round_altar,
          serial_shops, shop, minmay_misc_feat_x, minmay_hedge_maze, uniq_ijyb
D:4:      layout_basic, portal_sewer_entry_d, grunt_ministairs_8

Skill      XL: |  1  2  3  4  5 |
---------------+----------------+-----
Unarmed Combat | 4 5 |  5.0
Poison Magic   | 1 2 |  2.4
Spellcasting   | 3 |  3.1
Transmutations | 3 |  3.3
Fighting       | |  1.1
Dodging        | |  1.7

Action                     |  1- 3 |  4- 6 || total
---------------------------+-------+-------++-------
  Melee: Unarmed           |   139 |   148 ||   287
         Tailslap          |    22 |    15 ||    37
         Punch             |     4 |     9 ||    13
         Headbutt          |     6 |     8 ||    14
         Kick              |     5 |    14 ||    19
   Cast: Beastly Appendage |     4 |     9 ||    13
         Wereblood         |       |     2 ||     2
         Spider Form       |       |     1 ||     1
    Use: Scroll            |       |     4 ||     4
   Stab: Sleeping          |     1 |     1 ||     2
 Armour: Skin              |    32 |    42 ||    74
  Dodge: Dodged            |    52 |    89 ||   141

Table legend: (Time is in decaauts)
 A = Elapsed time spent in this place.
 B = Non-inter-level travel time spent in this place.
 C = Inter-level travel time spent in this place.
 D = Time resting spent in this place.
 E = Time spent auto-exploring this place.
 F = Levels seen in this place.
 G = Mean time per level.
                   A        B        C        D        E       F      G
               +--------+--------+--------+--------+--------+-----+--------+
         Total |   3483 |   3412 |     71 |    190 |   2354 |   4 |  870.8 |
       Dungeon |   3483 |   3412 |     71 |    190 |   2354 |   4 |  870.8 |
               +--------+--------+--------+--------+--------+-----+--------+

Top non-repeatable levels by time:
     D:2: 1185 daAuts
     D:1: 947 daAuts
     D:3: 925 daAuts
     D:4: 425 daAuts
